 Dungeon Crawl Stone Soup version 0.31-a0-1074-g0b22e4e0f1 (webtiles) character file.

Game seed: 11871221939567433683

129075 Pooter the Executioner (level 16, -7/216 HPs)
             Began as a Minotaur Berserker on Nov 29, 2023.
             Was an Elder of Trog.
             Mangled by a black mamba (13 damage)
             ... led by a naga ritualist
             ... on level 2 of the Snake Pit on Dec 1, 2023.
             The game lasted 02:42:01 (58406 turns).

Pooter the Executioner (Minotaur Berserker)        Turns: 58406, Time: 02:42:02

Health: -7/216     AC: 21    Str: 33    XL:     16   Next: 49%
Magic:  15/15      EV:  9    Int:  4    God:    Trog [****..]
Gold:   160        SH:  0    Dex: 13    Spells: 15/15 levels left

rFire   + . .        a - +8 executioner's axe (heavy)
rCold   + . .        (shield currently unavailable)
rNeg    . . .        H - +3 plate armour
rPois   .            (helmet restricted)
rElec   .            w - scarf {rC+ rF+}
rCorr   .            j - +0 pair of gloves
SInv    +            R - +0 pair of boots
Will    +....        P - amulet of regeneration Stlth
                     n - ring "Nevvyije" {rPois SInv}
HPRegen 1.36/turn    c - +6 ring of strength
MPRegen 0.14/turn

%: no passive effects
@: berserking (expiring), lethally poisoned (-7 -> -51), poison vulnerable, very
quick
A: horns 2, retaliatory headbutt
a: Renounce Religion, Berserk, Trog's Hand, Brothers in Arms


You were on level 2 of the Snake Pit.
You worshipped Trog.
Trog was greatly pleased with you.
You visited 4 branches of the dungeon, and saw 24 of its levels.
You also visited: Bailey and Ice Cave.

You collected 2704 gold pieces.
You spent 2544 gold pieces at shops.

Inventory:

Hand Weapons
 a - a +8 heavy executioner's axe (weapon)
   (You took it off an orc warlord in a bailey)
 b - the +6 arbalest "Damnation" {damnation}
   (You acquired it in a bailey)
 y - a +4 dire flail of holy wrath
   (You took it off Edmund on level 5 of the Dungeon)
 J - a +5 battleaxe of flaming
   (Trog gifted it to you on level 14 of the Dungeon)
Missiles
 l - 4 datura-tipped darts
 C - 2 silver javelins
 F - 5 curare-tipped darts
 K - 27 boomerangs (quivered)
 L - 7 javelins
Armour
 j - a +0 pair of gloves (worn)
   (You found it on level 1 of the Dungeon)
 w - a scarf of resistance (worn)
   (You found it on level 11 of the Dungeon)
 H - a +3 plate armour (worn)
   (You found it on level 7 of the Dungeon)
 R - a +0 pair of boots (worn)
   (You found it on level 2 of the Lair of Beasts)
 T - +0 ice dragon scales
   (You found it on level 2 of the Lair of Beasts)
Jewellery
 c - a +6 ring of strength (right hand)
   (You bought it in a shop on level 1 of the Dungeon)
 n - the ring "Nevvyije" (left hand) {rPois SInv}
   (You bought it in a shop on level 1 of the Dungeon)

   [ring of see invisible]

   rPois:     It protects you from poison SInv: It lets you see invisible.
 o - a ring of flight
   (You found it on level 11 of the Dungeon)
 p - a +4 ring of protection
   (You found it on level 2 of the Lair of Beasts)
 A - an amulet of the acrobat
   (You found it on level 1 of the Lair of Beasts)
 G - an amulet of guardian spirit
   (You found it on level 10 of the Dungeon)
 N - a ring of positive energy
   (You found it on level 2 of the Lair of Beasts)
 P - an amulet of regeneration (around neck)
   (You bought it in a shop on level 1 of the Dungeon)
 V - a ring of ice
   (You took it off Fannar on level 1 of the Lair of Beasts)
 X - a +5 ring of evasion
   (You found it on level 5 of the Lair of Beasts)
 Y - an amulet of reflection
   (You bought it in a shop on level 1 of the Dungeon)
Wands
 d - a wand of iceblast (11)
   (You found it on level 1 of the Lair of Beasts)
 f - a wand of flame (42)
   (You found it on level 9 of the Dungeon)
 r - a wand of charming (14)
   (You found it on level 12 of the Dungeon)
 M - a wand of polymorph (13)
   (You took it off Urug on level 1 of the Lair of Beasts)
 O - a wand of mindburst (24)
   (You found it on level 10 of the Dungeon)
Scrolls
 i - 5 scrolls of identify {@r1}
 k - 4 scrolls of silence
 m - 5 scrolls of fog
 q - 4 scrolls of noise {!r}
 s - 3 scrolls of blinking
 t - 7 scrolls of teleportation {@r4}
 E - 4 scrolls of immolation {!r}
 I - 3 scrolls of poison
 Q - 3 scrolls of fear
 S - a scroll of summoning
 U - 4 scrolls of vulnerability {!r}
 Z - a scroll of revelation
Potions
 e - 2 potions of invisibility
 g - 11 potions of heal wounds {@q2}
 h - 3 potions of resistance
 u - 2 potions of might
 v - 7 potions of curing {@q1}
 x - 2 potions of ambrosia
 z - 6 potions of lignification {!q}
 B - 4 potions of haste {@q3}
 D - 3 potions of attraction {!q}
 W - 2 potions of mutation {!q}


   Skills:
 + Level 13.2 Fighting
 * Level 22.6(22.7) Axes
 - Level 3.4(15.3) Polearms
 - Level 18.0 Ranged Weapons
 + Level 5.0 Throwing
 * Level 12.2 Armour
 + Level 3.1 Dodging
 + Level 4.3 Evocations


You had 15 spell levels left.
You didn't know any spells.
Your spell library was empty.

Dungeon Overview and Level Annotations

Branches:
Dungeon (15/15) Zot: 19693  Temple (0/1) D:7            Lair (5/5) D:10 Zot: 15941
 Shoals (0/4) Lair:3        Snake (2/4) Lair:3 Zot: 8280   Slime (0/5) Lair:4
    Orc (2/2) D:11 Zot: 5922     Elf (0/3) Orc:2        Vaults (0/5) D:13
 Depths (0/4) D:15         Bailey (visited)           IceCv (visited)

Altars:
Ashenzari
Cheibriados
Dithmenos
Elyvilon
Fedhas
Gozag
Hepliaklqana
Kikubaaqudgha
Makhleb
Okawaru
Qazlal
Ru
Sif Muna
Trog
Yredelemnul

Shops:
D:1 (:=[?   Orc:1 ?(   Orc:2 (???   Snake:1 ?[:(

Annotations:
D:2 1 runed translucent door, Crazy Yiuf


Innate Abilities, Weirdness & Mutations

You have a pair of horns on your head.
You reflexively headbutt those who attack you in melee.


Message History

The anaconda bites you but does no damage.
The naga ritualist hits you from afar with a +0 glaive.
* * * LOW HITPOINT WARNING * * *
The black mamba barely misses you.
You cut the anaconda into ribbons!!!!
You kill the anaconda!
Trog accepts your kill.
You barely miss the anaconda. You miss the black mamba.
You slash the black mamba!
You feel extremely sick.
You hear a shout! x3
* * * LOW HITPOINT WARNING * * *
You are more poisoned.
The naga ritualist's toxic aura wanes.
The anaconda barely misses you. The anaconda constricts you.
The black mamba bites you!
* * * LOW HITPOINT WARNING * * *
You are lethally poisoned!
The black mamba poisons you! The black mamba barely misses you.
The anaconda completely misses you. The anaconda constricts you.
The black mamba bites you but does no damage.
You hit the anaconda. Your headbutt misses the anaconda.
You slice the black mamba!! You miss the black mamba.
* * * LOW HITPOINT WARNING * * *
You feel extremely sick. The black mamba bites you.
* * * LOW HITPOINT WARNING * * *
The naga ritualist mumbles some strange prayers to its god.
The naga ritualist begins to radiate toxic energy.
* * * LOW HITPOINT WARNING * * *
You are more poisoned.
The anaconda barely misses you. The anaconda constricts you.
* * * LOW HITPOINT WARNING * * *
The black mamba bites you!
* * * LOW HITPOINT WARNING * * *
You slice the anaconda!!
You kill the anaconda!
Trog accepts your kill.
You hit the black mamba.
You kill the black mamba!
Trog accepts your kill.
You barely miss the black mamba.
* * * LOW HITPOINT WARNING * * *
You feel extremely sick.
* * * LOW HITPOINT WARNING * * *
You are more poisoned.
The black mamba barely misses you. You furiously retaliate!
You headbutt the black mamba!
The naga ritualist mumbles some strange prayers to its god against you.
You resist with some effort. The black mamba bites you!
You die...

#..........#
#..........#
#..........#
#..........#
#..........#
#.....N....#
#..........#
#......@S.$#
#..........#
#######........
#########


You could see a naga ritualist (toxic aura) and a black mamba.

Vanquished Creatures
  Frances (Lair:3)
  Aizul (Snake:1)
  Louise (D:15)
  A broodmother (shapeshifter) (D:13)
  An orc warlord (Bailey)
  An ironbound thunderhulk (D:13)
  Nessos (D:15)
  Azrael (D:13)
  A fire dragon (D:12)
  Fannar (Lair:1)
  Josephine (Lair:4)
  Erolcha (D:10)
  3 hydras
  A rakshasa (D:15)
  A vault guard (D:13)
  6 anacondas
  2 catoblepae
  5 centaur warriors
  7 boulder beetles
  An ogre mage (Orc:1)
  9 death yaks
  10 two-headed ogres
  A deep troll shaman (Lair:5)
  A naga warrior (Snake:1)
  4 orc high priests (Orc:2)
  A tengu warrior (D:13)
  2 naga sharpshooters (Snake:1)
  Urug (Lair:1)
  Sonja (D:11)
  3 occultists (D:15)
  2 skysharks
  A fire crab (Lair:5)
  3 naga ritualists
  A sea snake (Snake:1)
  2 orc knights
  A lindwurm (Lair:5)
  4 deep elf pyromancers
  5 mana vipers
  2 necromancers
  7 orc sorcerers
  3 manticores
  An oklob plant (Lair:4)
  A salamander (Snake:1)
  A wolf spider (D:15)
  7 cyclopes
  8 ugly things
  2 centaur zombies (D:15)
  An ice statue (IceCv)
  17 black mambas
  A merfolk siren (Lair:3)
  13 elephants
  A naga mage (Snake:1)
  A centaur skeleton (D:15)
  A guardian serpent (Snake:2)
  14 cane toads
  3 rime drakes
  2 kobold demonologists (D:9)
  Jeremiah (D:6)
  6 freezing wraiths
  2 efreet
  An anaconda simulacrum (IceCv)
  2 unseen horrors
  A tengu conjurer (D:15)
  12 ice devils (IceCv)
  3 komodo dragons
  4 yaktaurs (D:15)
  6 trolls
  3 polar bears
  3 merfolk (Lair:3)
  6 hornets
  Grinder (D:3)
  27 blink frogs
  Prince Ribbit (D:9)
  4 slime creatures (D:14)
  A centaur simulacrum (D:15)
  2 water elementals (D:15)
  A shadow (D:12)
  4 dire elephant simulacra (IceCv)
  72 yaks
  6 wraiths
  A spriggan (shapeshifter) (D:14)
  A human (D:13)
  6 wyverns
  4 basilisks
  Eustachio (D:6)
  The ghost of Stellion the Covered, an amateur HuFi (D:6)
  3 steam dragons
  Edmund (D:5)
  7 death yak simulacra (IceCv)
  A harpy simulacrum (IceCv)
  An acid dragon (D:9)
  9 water moccasins
  22 nagas
  4 wargs
  Duvessa (D:6)
  A hydra simulacrum (IceCv)
  A hell hound (D:13)
  5 ice beasts
  7 black bears
  2 ogres
  24 orc warriors
  13 wolves
  10 centaurs
  Blork the orc (D:6)
  3 kobold brigands
  12 bullfrogs
  A gnoll sergeant (D:12)
  A two-headed ogre simulacrum (IceCv)
  A hornet simulacrum (D:15)
  2 cane toad simulacra (IceCv)
  Dowan (D:6)
  4 wights (D:8)
  9 killer bees (D:10)
  2 elephant simulacra (IceCv)
  4 howler monkeys
  3 electric eels (Snake:1)
  A lava snake (D:15)
  3 hounds
  2 jellies
  24 orc priests
  2 gnoll boudas
  A sleepcap (D:5)
  7 hell rats (Lair:3)
  5 iguanas
  28 orc wizards
  7 polar bear simulacra (IceCv)
  2 troll simulacra (IceCv)
  2 spriggan simulacra (IceCv)
  2 wolf simulacra (IceCv)
  A boggart simulacrum (D:15)
  9 gnolls
  10 adders
  A naga simulacrum (IceCv)
  2 shadow imps
  3 white imps
  4 ufetubi
  A worm (D:3)
  4 dart slugs
  92 orcs
  8 endoplasms
  6 giant cockroaches
  14 goblins
  12 hobgoblins
  7 jackals
  26 kobolds
  3 quokkas
  3 training dummies (Orc:1)
  7 ball pythons
  2 bats
  3 frilled lizards
  7 rats
826 creatures vanquished.

Vanquished Creatures (collateral kills)
  A manticore (D:13)
  A tengu conjurer (D:13)
  A vampire (D:13)
  A fire elemental (D:13)
  A basilisk (D:13)
  A human (D:13)
  4 hell hounds (D:13)
10 creatures vanquished.

Grand Total: 836 creatures vanquished

Notes
Turn   | Place    | Note
-------+----------+-------------------------------------------
     0 | D:1      | Pooter the Minotaur Berserker began the quest for the Orb.
     0 | D:1      | Reached XP level 1. HP: 19/19 MP: 0/0
    73 | D:1      | Found Paloam's Weapon Emporium.
    97 | D:1      | Reached skill level 4 in Axes
   132 | D:1      | Reached XP level 2. HP: 27/27 MP: 1/1
   256 | D:1      | Reached ** piety under Trog
   292 | D:1      | Found Fiolih's Armour Shoppe.
   307 | D:1      | Found Ekhloasau's Jewellery Emporium.
   365 | D:1      | Found Laoxt's Magic Scroll Shop.
   379 | D:1      | Reached XP level 3. HP: 29/33 MP: 0/2
   403 | D:1      | Bought a scroll of identify for 22 gold pieces
   403 | D:1      | Bought a scroll of identify for 22 gold pieces
   412 | D:1      | Found Hiyv's Book Shop.
   604 | D:2      | Reached skill level 1 in Ranged Weapons
   608 | D:2      | Found an iron altar of Okawaru.
   997 | D:2      | Reached skill level 5 in Axes
  1258 | D:2      | Reached XP level 4. HP: 40/41 MP: 3/3
  1518 | D:2      | Found a runed translucent door.
  1519 | D:2      | Noticed Crazy Yiuf
  1649 | D:3      | Noticed Grinder
  1658 | D:3      | Paralysed by Grinder for 3 turns
  1672 | D:3      | Paralysed by Grinder for 2 turns
  1683 | D:3      | Killed Grinder
  1684 | D:3      | Reached skill level 6 in Axes
  1684 | D:3      | Reached skill level 1 in Polearms
  1684 | D:3      | Reached XP level 5. HP: 8/47 MP: 4/4
  1684 | D:3      | Reached XP level 6. HP: 10/55 MP: 5/5
  1859 | D:3      | Noticed an ice beast
  1867 | D:3      | Killed an ice beast
  1868 | D:3      | Reached skill level 5 in Fighting
  2042 | D:3      | Found a faded altar of an unknown god.
  2412 | D:3      | Found a basalt altar of Yredelemnul.
  2930 | D:4      | Reached *** piety under Trog
  3117 | D:4      | Reached XP level 7. HP: 52/61 MP: 6/6
  3266 | D:4      | Found a shimmering blue altar of Sif Muna.
  3375 | D:4      | Found a burning altar of Makhleb.
  3375 | D:4      | Found a white marble altar of Elyvilon.
  3376 | D:4      | Found a sacrificial altar of Ru.
  3552 | D:4      | Reached skill level 7 in Axes
  4006 | D:5      | Entered Level 5 of the Dungeon
  4297 | D:5      | Reached skill level 5 in Ranged Weapons
  4855 | D:1      | Bought a scroll of brand weapon for 104 gold pieces
  5021 | D:5      | Found a snail-covered altar of Cheibriados.
  5234 | D:5      | Reached XP level 8. HP: 65/70 MP: 7/7
  5249 | D:5      | Found an opulent altar of Gozag.
  5419 | D:6      | Noticed Duvessa
  5422 | D:6      | Noticed Dowan
  5472 | D:6      | Killed Duvessa
  5473 | D:6      | Reached skill level 8 in Axes
  5523 | D:6      | Killed Dowan
  5917 | D:6      | Found a shadowy altar of Dithmenos.
  5967 | D:6      | Reached skill level 9 in Axes
  5977 | D:6      | Noticed Jeremiah
  5980 | D:6      | Noticed Edmund
  6073 | D:5      | Killed Edmund
  6374 | D:6      | Reached XP level 9. HP: 79/79 MP: 8/8
  6461 | D:6      | Noticed Blork the orc
  6823 | D:6      | Noticed Eustachio
  6835 | D:6      | Killed Eustachio
  6836 | D:6      | Reached skill level 10 in Axes
  6888 | D:6      | Killed Blork the orc
  6952 | D:6      | Killed Jeremiah
  7345 | D:6      | Found a bloodstained altar of Trog.
  7481 | D:6      | Found a large runed translucent door.
  7481 | D:6      | Found a large runed translucent door.
  7499 | D:6      | Noticed Stellion's ghost (amateur HuFi)
  7518 | D:6      | Killed Stellion's ghost
  8023 | D:7      | Found a broken altar of Ashenzari.
  8027 | D:7      | Saw a vision of the Shoals and the Snake Pit.
  8027 | D:7      | Noticed a naga sharpshooter
  8027 | D:7      | Noticed a black mamba
  8027 | D:7      | Noticed a naga mage
  8027 | D:7      | Noticed a merfolk siren
  8027 | D:7      | Noticed a merfolk aquamancer
  8027 | D:7      | Noticed a merfolk aquamancer
  8027 | D:7      | Noticed a merfolk
  8027 | D:7      | Noticed a black mamba
  8027 | D:7      | Noticed a sea snake
  8027 | D:7      | Noticed a black mamba
  8027 | D:7      | Noticed a skyshark
  8028 | D:7      | Noticed a skyshark
  8028 | D:7      | Noticed a water nymph
  8188 | D:7      | Reached skill level 11 in Axes
  8506 | D:1      | Bought the ring "Nevvyije" {rPois SInv} for 340 gold pieces
  8972 | D:7      | Found a stormy altar of Qazlal.
  9061 | D:7      | Found a staircase to the Ecumenical Temple.
  9261 | D:8      | Found a flagged portal.
  9278 | D:8      | Reached XP level 10. HP: 90/90 MP: 9/9
  9320 | Bailey   | Entered a bailey
  9384 | Bailey   | Noticed an orc warlord
  9862 | Bailey   | Found a runed translucent gate.
  9864 | Bailey   | Found a runed translucent gate.
  9866 | Bailey   | Found a runed translucent gate.
  9920 | Bailey   | Killed an orc warlord
  9921 | Bailey   | Reached skill level 12 in Axes
  9921 | Bailey   | Reached skill level 10 in Ranged Weapons
 10020 | Bailey   | Acquired the +6 arbalest "Damnation" {damnation}
 10020 | Bailey   | Found the +6 arbalest "Damnation" {damnation}
 10667 | D:8      | Found a hazy altar of Hepliaklqana.
 11144 | D:8      | Found an ancient bone altar of Kikubaaqudgha.
 11250 | D:9      | Noticed Prince Ribbit
 11252 | D:9      | Killed Prince Ribbit
 11252 | D:9      | Noticed a two-headed ogre
 11255 | D:9      | Killed a two-headed ogre
 11256 | D:9      | Reached skill level 13 in Axes
 11526 | D:9      | Noticed a two-headed ogre
 11531 | D:9      | Killed a two-headed ogre
 11532 | D:9      | Reached XP level 11. HP: 99/99 MP: 10/10
 12137 | D:9      | Noticed a two-headed ogre
 12145 | D:9      | Killed a two-headed ogre
 12146 | D:9      | Reached skill level 10 in Fighting
 12443 | D:9      | Noticed a two-headed ogre
 12448 | D:9      | Killed a two-headed ogre
 12613 | D:10     | Entered Level 10 of the Dungeon
 12613 | D:10     | Noticed Erolcha
 12618 | D:10     | Killed Erolcha
 12619 | D:10     | Reached skill level 14 in Axes
 12824 | D:10     | Reached **** piety under Trog
 13645 | D:10     | Found a staircase to the Lair.
 14116 | D:10     | Found a blossoming altar of Fedhas.
 14315 | Lair:1   | Entered Level 1 of the Lair of Beasts
 14495 | Lair:1   | Noticed Fannar
 14501 | Lair:1   | Killed Fannar
 14502 | Lair:1   | Reached skill level 15 in Axes
 14521 | Lair:1   | Reached XP level 12. HP: 59/107 MP: 7/11
 14740 | Lair:1   | Noticed Urug
 14755 | Lair:1   | Killed Urug
 14866 | Lair:1   | Found a frozen archway.
 14875 | IceCv    | Entered an ice cave
 16818 | IceCv    | Reached skill level 16 in Axes
 19796 | IceCv    | Glimpsed the power of Zot.
 19804 | IceCv    | Found an ancient bone altar of Kikubaaqudgha.
 20023 | IceCv    | Reached skill level 15 in Ranged Weapons
 20025 | IceCv    | Reached skill level 17 in Axes
 21131 | D:1      | Bought an amulet of regeneration for 390 gold pieces
 21376 | Lair:2   | Reached XP level 13. HP: 75/114 MP: 12/12
 23056 | Lair:3   | Reached skill level 18 in Axes
 23897 | Lair:3   | Reached ***** piety under Trog
 24278 | Lair:3   | Found a staircase to the Snake Pit.
 24351 | Lair:3   | Found a staircase to the Shoals.
 24959 | Lair:3   | Reached skill level 19 in Axes
 26059 | Lair:4   | Noticed Josephine
 26064 | Lair:4   | Killed Josephine
 26797 | Lair:4   | Reached XP level 14. HP: 122/122 MP: 13/13
 26853 | Lair:4   | Found a staircase to the Slime Pits.
 27169 | D:1      | Bought an amulet of reflection for 390 gold pieces
 27763 | Lair:5   | Entered Level 5 of the Lair of Beasts
 30093 | Lair:5   | Reached skill level 20 in Axes
 31986 | Lair:5   | Received a gift from Trog
 32305 | Lair:5   | Reached skill level 5 in Armour
 33650 | D:11     | Noticed Sonja
 33652 | D:11     | Killed Sonja
 34583 | D:11     | Found a staircase to the Orcish Mines.
 34998 | Orc:1    | Entered Level 1 of the Orcish Mines
 35897 | Orc:1    | Found Ariota's Firing Range.
 35972 | Orc:1    | Found a transporter.
 35972 | Orc:1    | Found Luvuimig's Magic Scroll Emporium.
 36070 | Orc:1    | Paralysed by an ogre mage for 2 turns
 36075 | Orc:1    | Reached skill level 21 in Axes
 36247 | Orc:1    | Found a transporter.
 36255 | Orc:1    | Bought a scroll of enchant weapon for 120 gold pieces
 36255 | Orc:1    | Bought a scroll of enchant armour for 120 gold pieces
 36255 | Orc:1    | Bought a scroll of identify for 32 gold pieces
 36255 | Orc:1    | Bought a scroll of fear for 64 gold pieces
 36255 | Orc:1    | Bought a scroll of identify for 32 gold pieces
 36255 | Orc:1    | Bought a scroll of revelation for 120 gold pieces
 36275 | Orc:2    | Entered Level 2 of the Orcish Mines
 36280 | Orc:2    | Reached XP level 15. HP: 130/130 MP: 14/14
 36912 | Orc:2    | Found a staircase to the Elven Halls.
 40373 | D:1      | Bought a +6 ring of strength for 468 gold pieces
 41208 | Orc:2    | Found Ymyun's Magic Scroll Emporium.
 41208 | Orc:2    | Found Qoneyn's Magic Scroll Shoppe.
 41210 | Orc:2    | Found Icutaj's Antique Weapon Shoppe.
 41213 | Orc:2    | Found Fommis's Magic Scroll Emporium.
 41355 | Orc:2    | Bought a scroll of identify for 26 gold pieces
 45719 | D:12     | Reached skill level 1 in Throwing
 45721 | D:12     | Reached skill level 1 in Evocations
 47089 | D:13     | You fall into a shaft and drop 2 floors!
 47089 | D:15     | Entered Level 15 of the Dungeon
 47095 | D:15     | Noticed Louise
 47162 | D:15     | Noticed Nessos
 47166 | D:15     | Killed Nessos
 47218 | D:14     | Received a gift from Trog
 47728 | D:13     | Noticed Azrael
 47730 | D:13     | Reached skill level 10 in Armour
 47756 | D:13     | Killed Azrael
 47858 | D:13     | Found a gate to the Vaults.
 49447 | D:14     | Reached skill level 22 in Axes
 52535 | D:15     | Reached XP level 16. HP: 141/141 MP: 15/15
 53133 | D:15     | Found a staircase to the Depths.
 53184 | D:15     | Killed Louise
 54503 | Snake:1  | Entered Level 1 of the Snake Pit
 54503 | Snake:1  | Found an iron altar of Okawaru.
 54512 | Snake:1  | Noticed Frances
 54588 | Lair:3   | Killed Frances
 55729 | Snake:1  | Identified the serpent talisman "Leox" {rElec rPois rC++
                  | Str-4}
 55729 | Snake:1  | Noticed Aizul
 55739 | Snake:1  | Killed Aizul
 55808 | Snake:1  | Found Kuewn's Magic Scroll Shoppe.
 55811 | Snake:1  | Bought a scroll of teleportation for 42 gold pieces
 55811 | Snake:1  | Bought a scroll of enchant weapon for 105 gold pieces
 55811 | Snake:1  | Bought a scroll of teleportation for 42 gold pieces
 55811 | Snake:1  | Bought a scroll of blinking for 105 gold pieces
 57215 | Snake:1  | Found Orheod's Antique Weapon Emporium.
 57218 | Snake:1  | Found Zedotich's Book Shoppe.
 57220 | Snake:1  | Found Xogh's Armour Emporium.
 57623 | Snake:2  | Reached skill level 5 in Throwing
 58406 | Snake:2  | HP: 10/216 [poisoned by a naga ritualist (toxic radiance)]
 58406 | Snake:2  | Mangled by a black mamba

Illustrated notes

Levels and vault maps discovered:
D:1:      eino_arrival_water_star, layout_rooms, serial_shops, shop, shop, shop,
          nicolae_shop_tiny_glass, nicolae_shop_statue_plus, minmay_tetromino_t2
D:2:      layout_loops_corners, basic_altar, uniq_crazy_yiuf_cottage
D:3:      kennysheep_big_flooded_room, layout_basic, lemuel_crystal_altar,
          basic_ecumenical_altar, uniq_grinder
D:4:      layout_basic, nicolae_sif_muna_condensation,
          gammafunk_temple_overflow_claw
D:5:      layout_cave_pools, mainiacjoe_overflow_cross_hatched,
          mainiacjoe_overflow_24_doors
D:6:      layout_cave_pools, grunt_dithmenos_shadows, trog_hazing_becter,
          ebering_ghost_disaster_area, uniq_jeremiah, uniq_edmund,
          uniq_blork_the_orc, uniq_duvessa, uniq_eustachio
D:7:      layout_layer_cave, grunt_ashenzari_visionary
          [grunt_ashenzari_visionary_shoals, grunt_ashenzari_visionary_snake],
          grunt_qazlal_sundering, minmay_temple_entry_nine_rooms,
          minmay_fractal_squares_diagonal_5
D:8:      layout_loops_ring, mainiacjoe_overflow_catch_the_wave, enter_bailey_6
D:9:      layout_loops_ring, uniq_prince_ribbit1
D:10:     layout_roguey, amcnicky_altar_gilded, lair_entry_dummy, uniq_erolcha
D:11:     layout_loops_cross, david_orc_3, serial_glass, glass_columns_b,
          glass_columns_c, uniq_sonja
D:12:     layout_basic, minmay_misc_feat_chi, minmay_misc_feat_cross
D:13:     layout_rooms, hellmonk_vaults_keyhole, uniq_azrael
D:14:     layout_long_grid, bh_walls_and_bars
D:15:     grunt_enter_depths_magical_seal, layout_basic, kennysheep_flooded_box,
          serial_ice, serial_ice_l, serial_ice_d, serial_ice_e, serial_ice_o,
          serial_ice_a, serial_ice_c, uniq_nessos, uniq_louise
Lair:1:   layout_concentric_octagons, portal_ice_cave_entry_ice_simulacra,
          wad_woods_06, grunt_megastairs_1, uniq_fannar, uniq_urug
Lair:2:   layout_big_grid, serial_bayou_ford_a, serial_bayou_shore_b
Lair:3:   layout_cave_pods, elwin_shoals_entry_stream,
          minmay_snake_entry_guardpost_small, nzn_sisyphean_effort
Lair:4:   layout_gridlike, slime_entry_1, uniq_josephine
Lair:5:   grunt_lair_end_beastmaster, layout_cave_pods, serial_rivers,
          chequers_serial_rivers_large_b, chequers_serial_rivers_small_a,
          chequers_serial_rivers_small_b, chequers_serial_rivers_micro_e,
          chequers_serial_rivers_marsh, minivault_24, lookout_lair_type,
          lemuel_fruit_fields
Snake:1:  layout_misc_corridors, serial_shops, shop, basic_altar,
          serial_bayou_shore_a, minmay_shop_star, uniq_aizul, uniq_frances
Snake:2:  layout_basic, ebering_ghost_inner_flame, grunt_megastairs_4
Orc:1:    hellmonk_paralyzer, layout_caves, serial_shops,
          nicolae_shop_drivethru, nicolae_shop_firing_range
Orc:2:    st_orc_mages, layout_caves, rock_pile

Skill      XL: |  1  2  3  4  5  6  7  8  9 10 11 12 13 14 15 16 |
---------------+-------------------------------------------------+-----
Axes           | 4 5 6 7 9 11 13 15 17 19 21 22 | 22.6
Fighting       | 4 5 7 8 9 10 11 12 13 | 13.2
Ranged Weapons | 1 3 4 5 7 9 11 13 15 17 18 | 18.0
Polearms       | 1 2 3 |  3.4
Armour         | 7 11 12 | 12.2
Throwing       | 3 5 |  5.0
Evocations     | 3 4 |  4.3
Dodging        | 3 |  3.1

Action                     |  1- 3 |  4- 6 |  7- 9 | 10-12 | 13-15 | 16-18 || total
---------------------------+-------+-------+-------+-------+-------+-------++-------
  Melee: Trident           |    74 |    14 |       |       |       |       ||    88
         Hand axe          |     7 |       |       |       |     1 |       ||     8
         Headbutt          |     6 |    11 |    26 |    20 |    37 |     2 ||   102
         Punch             |     1 |     1 |       |       |       |       ||     2
         Halberd           |       |    51 |    46 |       |       |       ||    97
         War axe           |       |       |    58 |    28 |       |       ||    86
         Dire flail        |       |       |   112 |       |       |       ||   112
         Executioner's axe |       |       |       |    74 |   126 |    39 ||   239
         Unarmed           |       |       |       |    12 |       |       ||    12
   Fire: Orcbow            |    44 |    54 |   146 |    49 |       |       ||   293
         Arbalest          |       |       |       |   251 |   660 |   123 ||  1034
  Throw: Dart              |       |     7 |     5 |       |       |       ||    12
         Boomerang         |       |       |       |     2 |     1 |       ||     3
 Invoke: Berserk           |       |     3 |    16 |     6 |     7 |     3 ||    35
         Trog's Hand       |       |     1 |    14 |    10 |    11 |     4 ||    40
         Brothers in Arms  |       |       |       |       |     2 |       ||     2
  Evoke: Wand              |       |       |     1 |     2 |     1 |       ||     4
    Use: Scroll            |     2 |     2 |    12 |    12 |    12 |     2 ||    42
         Potion            |       |       |     3 |     2 |     3 |       ||     8
 Armour: Animal skin       |     3 |       |       |       |       |       ||     3
         Ring mail         |    52 |    49 |       |       |       |       ||   101
         Scale mail        |       |       |    82 |    14 |       |       ||    96
         Leather armour    |       |       |   126 |       |       |       ||   126
         Plate armour      |       |       |    41 |   205 |   447 |   160 ||   853
         Skin              |       |       |       |     6 |       |       ||     6
  Dodge: Dodged            |    44 |    45 |   144 |    89 |   180 |    58 ||   560

Table legend: (Time is in decaauts)
 A = Elapsed time spent in this place.
 B = Non-inter-level travel time spent in this place.
 C = Inter-level travel time spent in this place.
 D = Time resting spent in this place.
 E = Time spent auto-exploring this place.
 F = Levels seen in this place.
 G = Mean time per level.
                   A        B        C        D        E       F      G
               +--------+--------+--------+--------+--------+-----+--------+
         Total |  59432 |  56911 |   2521 |  38426 |  12527 |  26 | 2285.8 |
       Dungeon |  29404 |  27506 |   1898 |  16317 |   8206 |  15 | 1960.3 |
          Lair |  14058 |  13588 |    470 |   8869 |   3048 |   5 | 2811.6 |
     Snake Pit |   3718 |   3718 |      0 |   3039 |    399 |   2 | 1859.0 |
  Orcish Mines |   6077 |   5926 |    151 |   4930 |    649 |   2 | 3038.5 |
        Bailey |    812 |    812 |      0 |    489 |     79 |   1 |  812.0 |
      Ice Cave |   5360 |   5360 |      0 |   4781 |    145 |   1 | 5360.0 |
               +--------+--------+--------+--------+--------+-----+--------+

Top non-repeatable levels by time:
  Lair:5: 5808 daAuts
   IceCv: 5360 daAuts
   Orc:2: 4763 daAuts
    D:12: 4383 daAuts
    D:15: 4055 daAuts
  Lair:3: 2932 daAuts
 Snake:1: 2861 daAuts
    D:14: 2822 daAuts
  Lair:4: 1954 daAuts
    D:10: 1880 daAuts
     D:5: 1861 daAuts
    D:13: 1850 daAuts
  Lair:1: 1708 daAuts
     D:6: 1689 daAuts
  Lair:2: 1654 daAuts
